 Dungeon Crawl Stone Soup version 0.22-a0-533-g4d20840e7c (webtiles) character file.

305 Shun the Cudgeler (level 6, -9/37 HPs)
             Began as a Gargoyle Fighter on June 22, 2018.
             Was a Follower of Wu Jian.
             Mangled by an ogre
             ... wielding a +0 giant club
              (12 damage)
             ... on level 4 of the Dungeon.
             The game lasted 00:05:28 (2610 turns).

Shun the Cudgeler (Gargoyle Fighter)                Turns: 2610, Time: 00:05:29

Health: -9/37      AC: 13    Str: 22    XL:     6   Next: 39%
Magic:  6/6        EV:  7    Int:  8    God:    Wu Jian [*.....]
Gold:   218        SH: 10    Dex:  9    Spells: 5/5 levels left

rFire    . . .     SeeInvis .   o - +0 spear (curse)
rCold    . . .     Gourm    .   c - +1 shield
rNeg     + . .     Faith    .   b - +0 scale mail
rPois    ∞         Spirit   .   (no helmet)
rElec    +         Reflect  .   h - +0 cloak
rCorr    .         Harm     .   i - +0 pair of gloves
MR       .....                  (no boots)
Stlth    ..........             (no amulet)
HPRegen  0.12/turn              (no ring)
MPRegen  0.10/turn              (no ring)

@: no status effects
A: negative energy resistance 1, electricity resistance, unbreathing,
petrification resistance, rot immunity, AC +4
a: Renounce Religion


You were on level 4 of the Dungeon.
You worshipped Wu Jian.
Wu Jian was aware of your devotion.
You were not hungry.

You visited 1 branch of the dungeon, and saw 4 of its levels.

You collected 218 gold pieces.

Inventory:

Hand Weapons
 a - a +1 flail
 o - a cursed +0 spear (weapon)
Armour
 b - a +0 scale mail (worn)
 c - a +1 shield (worn)
 h - a +0 cloak (worn)
 i - a +0 pair of gloves (worn)
Scrolls
 j - 2 scrolls of teleportation
 k - 2 scrolls of enchant weapon
 l - a scroll of enchant armour
Potions
 e - a potion of invisibility {unknown}
 g - a potion of degeneration {unknown}
 m - a potion of brilliance {unknown}
Comestibles
 d - 3 chunks of flesh
 f - 6 rations


   Skills:
 - Level 3.4 Fighting
 + Level 6.4 Maces & Flails
 - Level 3.4 Armour
 - Level 3.4 Shields


You had 5 spell levels left.
You didn't know any spells.
Your spell library contained the following spells:

 Spells                   Type           Power        Failure   Level  Hunger
 Confuse                  Hex            #.......     100%        3    ####...
 Confusing Touch          Hex            #.....       99%         1    ##.....
 Metabolic Englaciation   Hex/Ice        #.........   100%        5    ######.
 Petrify                  Tmut/Erth      #.......     100%        4    #####..
 Gell's Gravitas          Tloc           #.........   100%        3    ####...
 Yara's Violent Unravell  Hex/Tmut       #.........   100%        5    ######.


Dungeon Overview and Level Annotations

Branches:
Dungeon (4/15)
 Temple: D:4-7

Altars:
Hepliaklqana
Qazlal
Wu Jian


Innate Abilities, Weirdness & Mutations

You are resistant to torment.
Your stone body is resilient. (AC +4)
You are immune to poison.
You resist negative energy. (rN+)
You are resistant to electric shocks. (rElec)
You can survive without breathing.
You are immune to petrification.
You are immune to rotting.


Message History

A frilled lizard comes into view.
Found an orange potion.
The frilled lizard hisses angrily.
Attack whom?
Press: ? - help, Dir - move target cursor, f - ogre
Aim: an ogre, wielding a giant club You reach to attack!
You puncture the ogre!
The ogre is moderately wounded.
You hit the ogre.
The ogre is moderately wounded.
The ogre hits you with a giant club!
* * * LOW HITPOINT WARNING * * *
Some of the chunks of flesh in your inventory have rotted away.
You hit the ogre.
The ogre is moderately wounded.
You block the ogre's attack.
You hit the ogre but do no damage.
The ogre is moderately wounded.
The ogre hits you with a giant club!
You die...

#.........#
#.#######.# #.# #.#
.#########.#######.##
.....................
###.#...........#.##
#.....###.#####.#.#
.#.##.....# #.# #.#.#
!....lO@..# #.# #.#.##
#.###.....#
#.#####.#... #....<#
#.........## ###.###
#######.#.# #.#
#######.#.#
#.#####.......#.##
#####........###......
#..........#.....##.##
#.###.####...##..##.#


You could see an ogre and a frilled lizard.

Vanquished Creatures
  Blork the orc (D:4)
  A hound (D:4)
  An iguana (D:4)
  Natasha (D:4)
  7 adders
  A worm (D:4)
  2 dart slugs (D:1)
  2 leopard geckos
  9 orcs
  A ball python (D:1)
  6 bats
  5 giant cockroaches
  5 goblins
  6 hobgoblins
  8 jackals
  A quokka (D:2)
  6 frilled lizards
  9 kobolds
  8 rats
80 creatures vanquished.

Notes
Turn   | Place    | Note
-------+----------+-------------------------------------------
     0 | D:1      | Shun the Gargoyle Fighter began the quest for the Orb.
     0 | D:1      | Reached XP level 1. HP: 14/14 MP: 1/1
    75 | D:1      | Reached XP level 2. HP: 19/19 MP: 2/2
   251 | D:1      | Reached skill level 3 in Maces & Flails
   323 | D:1      | Reached XP level 3. HP: 23/23 MP: 3/3
   770 | D:2      | Found an ornate altar of the Wu Jian Council.
   773 | D:2      | Became a worshipper of the Wu Jian Council
   844 | D:2      | Reached XP level 4. HP: 25/28 MP: 4/4
   845 | D:2      | Found a stormy altar of Qazlal.
   867 | D:2      | Reached skill level 4 in Maces & Flails
  1348 | D:2      | Found a faded altar of an unknown god.
  1572 | D:3      | Found a hazy altar of Hepliaklqana.
  1656 | D:3      | Reached * piety under Wu Jian
  1711 | D:3      | Reached XP level 5. HP: 32/32 MP: 5/5
  1894 | D:3      | Reached skill level 5 in Maces & Flails
  2248 | D:4      | Noticed Natasha
  2260 | D:4      | Killed Natasha
  2445 | D:4      | Noticed Blork the orc
  2474 | D:4      | Killed Blork the orc
  2474 | D:4      | Reached skill level 6 in Maces & Flails
  2474 | D:4      | Reached XP level 6. HP: 7/37 MP: 6/6
  2610 | D:4      | Mangled by an ogre

Vault maps used:
D:1:      scummos_arrival_checkerplants, nrook_uturn
D:2:      lemuel_doored_altar, grunt_qazlal_clouds,
          chequers_ecumenical_altar_simple
D:3:      nicolae_overflow_crystal_walls, first_ration
D:4:      portal_sewer_entry_b, uniq_natasha, uniq_blork_the_orc

Skill      XL: |  1  2  3  4  5 |
---------------+----------------+-----
Maces & Flails | 3 4 6 |  6.4
Fighting       | |  3.4
Armour         | |  3.4
Shields        | |  3.4

Action                   |  1- 3 |  4- 6 || total
-------------------------+-------+-------++-------
Melee: Flail             |   184 |    74 ||   258
       Spear             |       |   245 ||   245
Invok: Lunge             |     2 |     7 ||     9
  Use: Scroll            |       |     6 ||     6
       Potion            |       |     1 ||     1
  Eat: Chunk             |       |     7 ||     7
Armor: Scale mail        |   127 |   143 ||   270
Dodge: Dodged            |    82 |    75 ||   157
Block: Shield            |   124 |   145 ||   269

Table legend:
 A = Spawn XP
 B = Non-spawn XP
 C = Spawn XP percentage of total XP
 D = Spawn monster count
 E = Non-spawn monster count
 F = Spawn count percentage of total count
 G = Total turns spent on level
                    A         B        C        D         E        F      G
               +---------+---------+-------+---------+---------+-------+---------
         Total |       0 |     436 |   0.0 |       0 |      80 |   0.0 |  2610
               +---------+---------+-------+---------+---------+-------+---------
           D:1 |       0 |      51 |   0.0 |       0 |      28 |   0.0 |   698
           D:2 |       0 |     101 |   0.0 |       0 |      21 |   0.0 |   836
           D:3 |       0 |      55 |   0.0 |       0 |      20 |   0.0 |   712
           D:4 |       0 |     229 |   0.0 |       0 |      11 |   0.0 |   364
               +---------+---------+-------+---------+---------+-------+---------
